Map: Alcyone LE

Players

ShoWTimE - Winner!

  • Race: Protoss Protoss
  • Spawn Location: 7:00

ONSYDERyung (Ryung)

  • Race: Terran Terran
  • Spawn Location: 1:00

VOD

Have the link to the VOD?

Description

Time

  • Played on: Dec. 20, 2023, 6:04 a.m.
  • Length: 10:02
Show
View Real Time Build Order
Export as new Build Order

ShoWTimE Protoss - Winner!

Build Orders: 1 Gate Expand, Blink Stalkers 

Get SALT Encoding   

  12  0:00  Probe  
  13  0:12  Probe  
  14  0:17  Pylon  
  14  0:24  Probe  
  15  0:36  Gateway  
  15  0:37  Probe (Chrono Boost)  
  16  0:47  Assimilator, Probe (Chrono Boost)  
  17  0:51  Probe (Chrono Boost)  
  18  1:03  Probe  
  19  1:15  Probe  
  20  1:22  Nexus  
  20  1:32  Cybernetics Core  
  20  1:34  Probe  
  20  1:39  Assimilator  
  21  1:46  Probe  
  22  1:50  Pylon  
  22  1:58  Probe  
  23  2:05  Adept (Chrono Boost)  
  23  2:08  Warp Gate  
  25  2:11  Probe  
  26  2:23  Probe  
  26  2:24  Twilight Council  
  26  2:26  Stalker (Chrono Boost)  
  29  2:35  Probe x2  
  31  2:47  Probe x2  
  31  2:48  Stalker  
  35  2:57  Gateway  
  35  2:59  Blink (Chrono Boost), Probe  
  35  3:00  Probe  
  37  3:11  Probe  
  37  3:12  Probe  
  39  3:23  Probe  
  39  3:24  Probe  
  41  3:29  Robotics Facility  
  41  3:35  Probe  
  41  3:36  Probe  
  41  3:37  Pylon  
  43  3:47  Probe  
  44  3:48  Probe  
  44  3:51  Nexus  
  45  3:56  Stalker  
  45  3:59  Stalker  
  45  4:02  Pylon  
  49  4:06  Probe x2  
  51  4:11  Assimilator  
  52  4:20  Observer  
  52  4:21  Stalker  
  53  4:24  Stalker  
  53  4:26  Probe x2  
  53  4:29  Pylon  
  57  4:38  Probe x2  
  58  4:45  Stalker  
  61  4:47  Stalker  
  61  4:50  Probe x2  
  66  4:54  Observer  
  66  4:57  Forge  
  66  4:59  Gateway  
  66  5:01  Gateway  
  66  5:04  Probe (Chrono Boost)  
  69  5:07  Probe x2 (Chrono Boost)  
  69  5:08  Charge  
  69  5:14  Probe (Chrono Boost)  
  70  5:17  Probe x2 (Chrono Boost)  
  70  5:18  Stalker x2  
  70  5:19  Probe (Chrono Boost)  
  77  5:23  Protoss Ground Weapons Level 1 (Chrono Boost)  
  77  5:26  Probe, Pylon  
  77  5:27  Probe  
  79  5:30  Probe  
  79  5:35  Observer  
  78  5:39  Probe x2  
  79  5:42  Probe  
  79  5:48  Shield Battery  
  79  5:49  Gateway  
  79  5:50  Gateway  
  79  5:51  Probe  
  79  5:52  Gateway  
  79  5:53  Sentry x2  
  79  5:56  Gateway  
  84  6:01  Probe x2  
  84  6:03  Probe  
  84  6:04  Shield Battery  
  86  6:13  Probe  
  86  6:18  Immortal (Chrono Boost)  
  87  6:19  Probe  
  87  6:21  Phoenix  
  87  6:25  Pylon  
  92  6:27  Pylon  
  92  6:31  Pylon  
  92  6:34  Zealot  
  92  6:36  Nexus  
  92  6:37  Zealot  
  92  6:39  Pylon  
  93  6:45  Zealot x4  
  101  6:52  Zealot x2, Pylon  
  106  6:54  Probe x3  
  106  7:01  Assimilator, Robotics Bay  
  108  7:06  Zealot x3, Probe x2  
  116  7:09  Warp Prism (Chrono Boost)  
  118  7:23  Zealot x4  
  124  7:36  Zealot x4  
  122  7:38  Probe x2  
  118  7:47  Stalker  
  118  7:48  Stalker x3  
  122  7:55  Pylon, Probe  
  105  8:06  Observer  
  105  8:09  Probe x4  
  105  8:11  Pylon  
  105  8:13  Colossus (Chrono Boost)  
  105  8:14  Pylon  
  105  8:19  Zealot x5  
  117  8:20  Zealot x2  
  117  8:23  Observer, Probe x4  
  117  8:27  Extended Thermal Lance (Chrono Boost)  
  125  8:35  Sentry  
  125  8:37  Shield Battery  
  125  8:39  Photon Cannon  
  127  8:42  Photon Cannon  
  127  8:43  Shield Battery  
  127  8:45  Shield Battery  
  130  8:51  Zealot x2  
  130  8:54  Colossus (Chrono Boost)  
  140  8:58  Stalker x2, Zealot x2  
  145  9:05  Observer  
  145  9:07  Zealot x2  
  135  9:19  Zealot x3  
  135  9:20  Zealot  
  141  9:25  Zealot x2  
  141  9:30  Zealot  
  141  9:31  Zealot  
  116  9:41  Observer (Chrono Boost)  
  116  9:43  Zealot x4  
Show
View Real Time Build Order
Export as new Build Order

ONSYDERyung Terran 

Build Orders: Banshee Rush 

Get SALT Encoding   

  12  0:00  SCV  
  13  0:12  SCV  
  14  0:17  Supply Depot  
  14  0:24  SCV  
  15  0:38  SCV  
  15  0:39  Barracks  
  16  0:43  Refinery  
  16  0:50  SCV  
  17  1:02  SCV  
  18  1:14  SCV  
  19  1:27  Orbital Command, Marine  
  20  1:39  Command Center  
  20  1:53  Factory  
  20  1:54  SCV  
  21  2:03  Barracks Reactor  
  21  2:06  SCV  
  22  2:10  Supply Depot  
  22  2:12  Refinery  
  22  2:18  SCV  
  23  2:32  SCV  
  24  2:37  Hellion  
  24  2:39  Starport  
  24  2:40  Marine x2  
  28  2:44  SCV  
  28  2:51  Orbital Command  
  29  2:56  SCV  
  30  3:01  Cyclone  
  32  3:05  Marine  
  32  3:06  Marine  
  32  3:08  SCV  
  32  3:10  Orbital Command  
  35  3:16  Medivac  
  37  3:20  SCV  
  37  3:24  Supply Depot  
  37  3:26  Marine x2  
  38  3:32  SCV  
  39  3:34  Factory Tech Lab  
  39  3:36  SCV  
  40  3:44  SCV  
  40  3:45  Marine x2  
  40  3:48  SCV  
  44  3:54  Supply Depot  
  44  3:56  Cloaking Field  
  44  3:57  SCV  
  44  3:58  Banshee  
  44  3:59  Factory Tech Lab  
  44  4:00  SCV  
  49  4:03  Marine  
  49  4:04  Marine  
  49  4:09  SCV  
  52  4:12  SCV  
  52  4:16  Supply Depot  
  53  4:22  Siege Tank  
  53  4:23  SCV  
  57  4:24  SCV  
  57  4:26  Marine x2  
  57  4:29  Bunker  
  60  4:36  Supply Depot, SCV, Barracks  
  61  4:41  Banshee  
  62  4:45  Marine x2  
  62  4:48  SCV x2  
  62  4:51  Refinery  
  66  4:56  Siege Tank  
  69  5:04  SCV x2  
  69  5:05  Supply Depot  
  71  5:07  Marine x2  
  71  5:10  Barracks  
  72  5:23  SCV x2  
  72  5:24  Engineering Bay  
  72  5:25  Marine x2  
  76  5:35  SCV x2  
  78  5:39  Starport Reactor, Refinery  
  78  5:42  Marine, Stimpack  
  76  5:43  Marine x2  
  76  5:47  Command Center  
  78  5:51  Terran Infantry Weapons Level 1  
  78  5:52  SCV x2  
  78  5:56  Supply Depot  
  80  5:59  Factory Reactor  
  80  6:03  Barracks  
  80  6:04  Combat Shield  
  80  6:05  SCV x2  
  80  6:07  Barracks  
  82  6:11  Marauder x2  
  82  6:13  Marine x2  
  82  6:18  Medivac  
  87  6:22  Medivac  
  89  6:27  Supply Depot  
  89  6:34  Marine  
  89  6:35  Marine  
  89  6:36  Marauder  
  93  6:43  SCV  
  93  6:46  Supply Depot  
  94  6:49  SCV, Marauder, Widow Mine x2  
  94  6:53  Barracks Reactor  
  94  6:54  Barracks Tech Lab  
  101  6:55  Marine  
  101  6:58  Marine  
  101  6:59  Medivac x2  
  107  7:03  Marauder  
  107  7:04  SCV x2  
  111  7:11  Marauder  
  111  7:13  Widow Mine x2  
  117  7:21  SCV x2  
  117  7:22  Marine x2, Marauder  
  120  7:24  Marauder  
  114  7:33  Marine x2, Marauder  
  114  7:35  Widow Mine x2  
  106  7:38  Medivac  
  106  7:43  Marauder  
  93  7:56  Marine x2, Marauder x2  
  93  7:58  Widow Mine x2  
  88  8:05  Medivac  
  83  8:08  Medivac  
  83  8:09  Marine x2  
  83  8:10  Marauder  
  89  8:15  Concussive Shells, Marine x2  
  89  8:17  Marauder x2  
  95  8:27  Orbital Command  
  95  8:33  Marine  
  95  8:34  Marine, Marauder  
  98  8:38  Marine x2  
  98  8:39  Marauder x2  
  105  8:45  Widow Mine x2  
  105  8:47  SCV x2  
  111  8:51  Marine x2  
  111  8:54  SCV  
  114  8:56  Marauder  
  114  8:58  Marine x2  
  114  8:59  SCV x2  
  114  9:00  Marauder x2  
  121  9:14  Marine x2  
  119  9:17  Marauder  
  119  9:21  Marine x2, Marauder  
  125  9:24  Supply Depot x2  
  125  9:25  Supply Depot  
  125  9:30  Marauder  
  91  9:39  SCV, Marauder  
  91  9:40  SCV x2  
  91  9:43  Marine x3  
Tags
 
Composition
Blink Stalkers
Matchup
PvT
Replay Pack
December 2023
Spawn Locations
Cross Positions
Strategy
Banshee Rush
Add a new tag
Caveats
  • Supply blocks, unpowered buildings, or Contaminate may cause inaccurate times.
  • Supply counts are checked every 10 seconds.